 Dungeon Crawl Stone Soup version 0.23.2 (webtiles) character file.

Game seed: 1554482281585255000

23438 Fang the Fighter (level 13, 0/86 HPs)
             Began as a Gargoyle Berserker on Apr 12, 2019.
             Was a High Priest of Trog.
             Slain by a black mamba (8 damage)
             ... on level 3 of the Lair of Beasts.
             The game lasted 00:13:15 (14593 turns).

Fang the Fighter (Gargoyle Berserker)              Turns: 14593, Time: 00:13:15

Health: 0/86       AC: 34    Str: 25    XL:     13   Next: 6%
Magic:  4/4        EV: 11    Int: 12    God:    Trog [*****.]
Gold:   814        SH:  0    Dex:  9    Spells: 12/12 levels left

rFire    . . .     SeeInvis .   J - +2 executioner's axe (antimagic)
rCold    . . .     Gourm    .   (shield currently unavailable)
rNeg     + . .     Faith    .   b - +8 plate armour
rPois    ∞         Spirit   .   (no helmet)
rElec    +         Reflect  .   G - scarf {cloud immunity}
rCorr    .         Harm     .   (no gloves)
MR       .....                  (no boots)
Stlth    ..........             (no amulet)
HPRegen  0.24/turn              B - +1 ring of protection
MPRegen  0.09/turn              F - +3 ring of intelligence

@: no status effects
A: negative energy resistance 1, electricity resistance, unbreathing,
petrification resistance, rot immunity, AC +9
a: Berserk, Trog's Hand, Brothers in Arms, Renounce Religion


You were on level 3 of the Lair of Beasts.
You worshipped Trog.
Trog was extremely pleased with you.
You were not hungry.

You visited 3 branches of the dungeon, and saw 15 of its levels.

You collected 1022 gold pieces.
You spent 208 gold pieces at shops.

Inventory:

Hand Weapons
 a - a +3 war axe
 h - a +0 hand axe of electrocution
 A - the +4 hand axe of Beyond {protect, SInv}
   (You bought it in a shop on level 7 of the Dungeon)

   It protects the one who uses it against injury (+AC on strike).
   It lets you see invisible.
 C - a +2 battleaxe
 D - a +3 vampiric broad axe
 J - a +2 antimagic executioner's axe (weapon)
Armour
 b - a +8 plate armour (worn)
 u - a +2 cloak of poison resistance
 G - a scarf of cloud immunity (worn)
Jewellery
 B - a +1 ring of protection (left hand)
 F - a +3 ring of intelligence (right hand)
Wands
 j - a wand of scattershot (4)
 m - a wand of random effects (48)
 s - a wand of flame (41)
 y - a wand of acid (9)
 H - a wand of digging (2)
Scrolls
 d - 11 scrolls of remove curse
 f - 2 scrolls of magic mapping
 p - 7 scrolls of teleportation
 x - a scroll of blinking
 E - 4 scrolls of fear
Potions
 e - 6 potions of mutation {unknown}
 g - 2 potions of magic
 i - 10 potions of curing
 k - a potion of flight
 l - 2 potions of might
 n - a potion of agility {unknown}
 o - a potion of heal wounds
 q - a potion of ambrosia
 r - 2 potions of resistance
 t - a potion of cancellation
 v - 5 potions of brilliance
 w - 2 potions of berserk rage
 z - a potion of haste {unknown}
Comestibles
 c - 28 rations
 I - a chunk of flesh


   Skills:
 + Level 12.1 Fighting
 + Level 10.4 Axes
 + Level 11.9 Armour
 + Level 9.4 Dodging


You had 12 spell levels left.
You didn't know any spells.
Your spell library was empty.

Dungeon Overview and Level Annotations

Branches:
Dungeon (11/15)            Temple (1/1) D:5            Lair (3/6) D:8
 Shoals (0/4) Lair:3       Spider (0/4) Lair:2          Orc (0/2) D:10

Altars:
Cheibriados
Elyvilon
Hepliaklqana
Makhleb
Uskayaw
Yredelemnul
Beogh

Shops:
D:7 ([   D:9 %*   D:10 }

Portals:
Trove: D:11 (give 17 potions of curing)

Annotations:
Lair:1 exclusion: oklob plant, Sonja


Innate Abilities, Weirdness & Mutations

You are resistant to torment.
Your stone body is resilient. (AC +9)
You are immune to poison.
You resist negative energy. (rN+)
You are resistant to electric shocks. (rElec)
You can survive without breathing.
You are immune to petrification.
You are immune to rotting.


Message History

The black mamba bites you.
* * * LOW HITPOINT WARNING * * *
You miss the black mamba.
The black mamba is heavily wounded.
The black mamba bites you but does no damage. x2
You barely miss the black mamba.
The black mamba is heavily wounded.
The black mamba bites you but does no damage.
The black mamba bites you!
* * * LOW HITPOINT WARNING * * *
The black mamba bites you but does no damage.
You slice the black mamba!!
The black mamba is almost dead.
The black mamba barely misses you. The black mamba completely misses you.
The black mamba misses you.
You miss the black mamba.
The black mamba is almost dead.
The black mamba bites you but does no damage.
The black mamba barely misses you. The black mamba bites you!
You die...

.}..........
##...........
............
##...........
#............
#............
#....†.......
###..#.@S......
##.##..#.†......
#########..##.#....###..
#....................#
.....................).
........................
.....P#.P............P..
P.....##.....#.#...#..#.
................#.#...


You could see a black mamba.

Vanquished Creatures
  2 two-headed ogres
  Psyche (D:10)
  Joseph (D:8)
  3 komodo dragons
  4 spiny frogs
  4 trolls (D:10)
  A hornet (D:9)
  4 hippogriffs
  Eustachio (D:6)
  2 wyverns
  37 yaks
  A hungry ghost (D:8)
  2 basilisks
  Edmund (D:6)
  6 water moccasins
  7 porcupines
  12 orc warriors
  2 sky beasts
  6 ice beasts
  4 black bears
  A phantom (D:4)
  10 wolves
  7 ogres
  7 centaurs
  7 big kobolds
  6 crocodiles
  19 bullfrogs
  9 scorpions
  A wyvern skeleton (D:8)
  10 killer bees
  2 water moccasin skeletons
  7 wights (D:11)
  A howler monkey (D:6)
  A centaur zombie (D:10)
  5 crimson imps
  3 quasits
  5 jellies
  A bullfrog zombie (D:9)
  A centaur skeleton (D:6)
  6 orc priests
  2 hounds
  Crazy Yiuf (D:3)
  9 orc wizards
  5 iguanas
  Ijyb (D:2)
  4 worker ants
  A hound skeleton (D:6)
  A worker ant zombie (D:5)
  11 adders
  13 gnolls
  3 shadow imps
  5 oozes (D:9)
  3 adder skeletons
  An adder zombie (D:7)
  2 worms
  3 dart slugs
  2 leopard geckos
  57 orcs
  2 ball pythons
  4 giant cockroaches
  12 goblins
  9 hobgoblins
  A quokka (D:4)
  A ball python skeleton (D:5)
  3 bats
  6 frilled lizards
  5 kobolds
  A leopard gecko zombie (D:5)
  A quokka skeleton (D:4)
  7 rats
  5 fungi
  3 plants (Lair:2)
394 creatures vanquished.

Vanquished Creatures (collateral kills)
  The ghost of Kagagu the Thaumaturge, a journeyman DrAE of the Shining One (Lair:1)
  A hydra (D:11)
  2 spriggans (Lair:1)
  A black bear (Lair:1)
5 creatures vanquished.

Vanquished Creatures (others)
  37 fungi
  32 plants
69 creatures vanquished.

Grand Total: 468 creatures vanquished

Notes
Turn   | Place    | Note
-------+----------+-------------------------------------------
     0 | D:1      | Fang the Gargoyle Berserker began the quest for the Orb.
     0 | D:1      | Reached XP level 1. HP: 14/14 MP: 1/1
   484 | D:1      | Reached XP level 2. HP: 19/19 MP: 2/2
   785 | D:2      | Reached XP level 3. HP: 24/24 MP: 3/3
   791 | D:2      | Reached XP level 4. HP: 29/29 MP: 4/4
   944 | D:2      | Noticed Ijyb
   952 | D:2      | Killed Ijyb
   952 | D:2      | Reached skill level 4 in Fighting
   953 | D:2      | Reached ** piety under Trog
  1094 | D:2      | Reached XP level 5. HP: 33/33 MP: 5/5
  1216 | D:2      | Found a white marble altar of Elyvilon.
  1638 | D:3      | Found a faded altar of an unknown god.
  2000 | D:3      | Reached *** piety under Trog
  2161 | D:3      | Found a runed translucent door.
  2162 | D:3      | Noticed Crazy Yiuf
  2171 | D:3      | Killed Crazy Yiuf
  2259 | D:4      | Noticed an ogre
  2269 | D:4      | Killed an ogre
  2269 | D:4      | Reached XP level 6. HP: 18/39 MP: 6/6
  2704 | D:4      | Reached skill level 5 in Fighting
  2704 | D:4      | Reached XP level 7. HP: 32/44 MP: 7/7
  2981 | D:5      | Entered Level 5 of the Dungeon
  3085 | D:5      | Reached skill level 5 in Armour
  3140 | D:5      | Reached XP level 8. HP: 22/51 MP: 8/8
  3332 | D:5      | Found a staircase to the Ecumenical Temple.
  3360 | Temple   | Entered the Ecumenical Temple
  3441 | D:5      | Found a burning altar of Makhleb.
  3449 | D:5      | Reached skill level 6 in Fighting
  3506 | D:5      | Reached skill level 5 in Axes
  3668 | D:5      | Found a hazy altar of Hepliaklqana.
  4106 | D:6      | Noticed Edmund
  4129 | D:6      | Killed Edmund
  4165 | D:6      | Reached **** piety under Trog
  4359 | D:6      | Noticed Eustachio
  4384 | D:6      | Killed Eustachio
  4384 | D:6      | Reached skill level 7 in Fighting
  4384 | D:6      | Reached XP level 9. HP: 57/57 MP: 9/9
  4419 | D:6      | Reached skill level 5 in Dodging
  5199 | D:7      | Found Gattis's Armour Boutique.
  5226 | D:7      | Found Cyl Dyaw's Antique Weapon Shoppe.
  5231 | D:7      | Bought a twisted hand axe for 208 gold pieces
  5231 | D:7      | Identified the +4 hand axe of Beyond {protect, SInv} (You
                  | bought it in a shop on level 7 of the Dungeon)
  5661 | D:8      | Noticed Joseph
  5679 | D:8      | Killed Joseph
  5679 | D:8      | Reached skill level 8 in Fighting
  5884 | D:8      | Reached XP level 10. HP: 59/64 MP: 10/10
  5908 | D:8      | Reached ***** piety under Trog
  6106 | D:8      | Found a staircase to the Lair.
  6111 | D:8      | Noticed a two-headed ogre
  6127 | D:8      | Killed a two-headed ogre
  6127 | D:8      | Reached skill level 9 in Fighting
  6599 | D:9      | Noticed a two-headed ogre
  6618 | D:9      | Killed a two-headed ogre
  6922 | D:9      | Found Ycoicex's Food Boutique.
  6934 | D:9      | Reached XP level 11. HP: 71/71 MP: 11/11
  6965 | D:9      | Received a gift from Trog
  6984 | D:9      | Found Totiqix's Elemental Accessories.
  7511 | D:10     | Entered Level 10 of the Dungeon
  7716 | D:10     | Found a staircase to the Orcish Mines.
  7754 | D:10     | Reached skill level 10 in Fighting
  8158 | D:10     | Reached skill level 10 in Armour
  8547 | D:10     | Noticed Psyche
  8557 | D:10     | Killed Psyche
  9234 | D:10     | Received a gift from Trog
  9285 | D:10     | Found Set Yrop's Gadget Boutique.
  9557 | D:11     | Found a portal to a secret trove of treasure.
  9729 | D:11     | Found a roughly hewn altar of Beogh.
  9975 | D:11     | Received a gift from Trog
 10144 | D:11     | Noticed an eight-headed hydra
 10155 | D:11     | Killed a ten-headed hydra
 10443 | D:11     | Reached XP level 12. HP: 76/79 MP: 12/12
 10622 | Lair:1   | Entered Level 1 of the Lair of Beasts
 10652 | Lair:1   | Noticed Sonja
 10991 | Lair:1   | Reached skill level 11 in Fighting
 11543 | Lair:1   | Found a runed translucent door.
 11544 | Lair:1   | Identified the +9 trident of Conscience {elec, Int+2}
 11544 | Lair:1   | Noticed Kagagu's ghost (journeyman DrAE)
 12443 | Lair:1   | Killed Kagagu's ghost
 12710 | Lair:2   | Found a hole to the Spider Nest.
 13508 | Lair:2   | Reached skill level 10 in Axes
 14357 | Lair:3   | Reached skill level 12 in Fighting
 14363 | Lair:3   | Found a staircase to the Shoals.
 14374 | Lair:3   | Received a gift from Trog
 14374 | Lair:3   | Reached XP level 13. HP: 44/86 MP: 13/13
 14593 | Lair:3   | Slain by a black mamba

Skill      XL: |  1  2  3  4  5  6  7  8  9 10 11 12 |
---------------+-------------------------------------+-----
Axes           | 3 4 5 6 8 9 10 | 10.4
Dodging        | 2 3 4 5 7 8 9 |  9.4
Armour         | 3 4 5 6 7 9 10 11 | 11.9
Fighting       | 4 5 7 8 9 10 12 | 12.1

Action                   |  1- 3 |  4- 6 |  7- 9 | 10-12 | 13-15 || total
-------------------------+-------+-------+-------+-------+-------++-------
Melee: Hand axe          |    36 |   170 |   397 |  1152 |     9 ||  1764
       Executioner's axe |       |       |       |       |    32 ||    32
Invok: Berserk           |     1 |     1 |       |     5 |       ||     7
       Trog's Hand       |       |       |       |     2 |       ||     2
       Brothers in Arms  |       |       |       |     3 |       ||     3
  Use: Scroll            |       |     8 |    21 |     4 |       ||    33
  Eat: Chunk             |       |     8 |    10 |    34 |     1 ||    53
       Ration            |       |       |       |     2 |       ||     2
Armor: Animal skin       |    13 |    13 |       |       |       ||    26
       Plate armour      |       |    75 |   359 |  1151 |    63 ||  1648
Dodge: Dodged            |    24 |    82 |   189 |   787 |    60 ||  1142
